 Dungeon Crawl Stone Soup version 0.19-a0-1170-g18f0c96 (webtiles) character file.

23 DerBasler the Conjurer (level 3, -3/19 HPs)
             Began as a Tengu Fire Elementalist on Aug 16, 2016.
             Slain by Sigmund
             ... wielding a +0 scythe
              (7 damage)
             ... on level 1 of the Dungeon.
             The game lasted 00:01:46 (1193 turns).

DerBasler the Conjurer (Tengu Fire Elementalist)    Turns: 1193, Time: 00:01:47

Health: -3/19      AC:  2    Str:  8    XL:     3   Next: 0%
Magic:  6/7        EV: 13    Int: 15    God:
Gold:   52         SH:  0    Dex: 15    Spells: 3 memorised, 0 levels left

rFire  . . .     SeeInvis .     d - -2 spear (curse)
rCold  . . .     Gourm    .     a - +0 robe
rNeg   . . .     Faith    .     (no shield)
rPois  .         Spirit   .     (helmet restricted)
rElec  .         Dismiss  .     (no cloak)
rCorr  .         Reflect  .     (no gloves)
MR     .....     Harm     .     (boots unavailable)
Stlth  ++........               (no amulet)
                                (no ring)
                                (no ring)

@: very slightly contaminated, invisible
A: beak, talons 3
a: no special abilities


You were on level 1 of the Dungeon.
You were not hungry.

You visited 1 branch of the dungeon, and saw 2 of its levels.

You collected 52 gold pieces.

Inventory:

Hand Weapons
 d - a cursed -2 spear (weapon)
Armour
 a - a +0 robe (worn)
Potions
 g - a potion of mutation {unknown}
Books
 b - a book of Flames

   Spells                             Type                      Level
   a - Flame Tongue                   Conjuration/Fire             1
   b - Throw Flame                    Conjuration/Fire             2
   c - Conjure Flame                  Conjuration/Fire             3
   d - Inner Flame                    Hexes/Fire                   3
   e - Sticky Flame                   Conjuration/Fire             4
   f - Fireball                       Conjuration/Fire             5
Comestibles
 c - a bread ration
 f - 2 chunks of flesh


   Skills:
 - Level 2.1 Dodging
 - Level 2.0 Stealth
 - Level 2.0 Spellcasting
 + Level 3.7 Conjurations
 - Level 3.2 Fire Magic


You couldn't memorise any spells.
You knew the following spells:

 Your Spells              Type           Power        Failure   Level  Hunger
a - Flame Tongue          Conj/Fire      ##...        6%          1    #......
b - Throw Flame           Conj/Fire      ##....       10%         2    ###....
c - Conjure Flame         Conj/Fire      ##......     17%         3    ###....


Dungeon Overview and Level Annotations

Branches:
Dungeon (2/15)

Altars:

Annotations:
D:1 Sigmund


Innate Abilities, Weirdness & Mutations

You have a beak for a mouth.
You have claws for feet.


Message History

Press: ? - help, Shift-Dir - straight line, f - Sigmund
Aim: Sigmund, wielding a scythe and wearing a robe (lightly wounded)
The flame tongue misses Sigmund.
The bat hits you but does no damage. Sigmund hits you with a scythe.
* * * LOW HITPOINT WARNING * * *
You fade into invisibility!
The bat hits you.
* * * LOW HITPOINT WARNING * * *
Sigmund misses you.
You are very lightly contaminated with residual magic.
You hit Sigmund but do no damage. Your kick misses Sigmund.
Sigmund is lightly wounded.
The bat hits you but does no damage. The bat barely misses you.
You hit Sigmund but do no damage.
Sigmund is lightly wounded.
The bat barely misses you. Sigmund misses you.
You hit Sigmund. You claw Sigmund, but do no damage.
Sigmund is lightly wounded.
The bat barely misses you. Sigmund hits you with a scythe!
You die...

###### #..... #.....
#############.....
#...........+.....
###'###########.....
##.@...)###..........
#...@...'...#######.#
#####...b...#####.......#
#...........# #####.#.#
#.####......#####.....#.#
#.# ####.......#.#####.#
#.# #.#####.#.#...#.# #.#
#.#...#.#.#.#.#.# #.#
#.#.#.#.#.#.#.#.. #.#
#.###.#.#.#.#รท#.#


You could see Sigmund and a bat.

Vanquished Creatures
  2 dart slugs (D:1)
  A giant gecko (D:1)
  A giant cockroach (D:1)
  3 hobgoblins (D:1)
  3 jackals (D:1)
  A kobold (D:1)
  5 bats (D:1)
16 creatures vanquished.

Notes
Turn   | Place    | Note
-------+----------+-------------------------------------------
     0 | D:1      | DerBasler the Tengu Fire Elementalist began the quest for the Orb.
     0 | D:1      | Reached XP level 1. HP: 10/10 MP: 4/4
   405 | D:1      | Reached XP level 2. HP: 15/15 MP: 0/6
   414 | D:1      | Learned a level 2 spell: Throw Flame
  1068 | D:1      | Reached XP level 3. HP: 18/19 MP: 4/7
  1164 | D:1      | Learned a level 3 spell: Conjure Flame
  1185 | D:2      | Noticed Sigmund
  1193 | D:1      | Slain by Sigmund

Vault maps used:
D:1:      matt_arrival_spirals, minmay_misc_feat_square
D:2:      uniq_sigmund

Skill      XL: |  1  2 |
---------------+-------+-----
Conjurations   | 2 3 |  3.7
Dodging        | |  2.1
Stealth        | |  2.0
Spellcasting   | |  2.0
Fire Magic     | |  3.2

Action                   || total
-------------------------++-------
Melee: Spear             ||    29
       Unarmed           ||     3
       Kick              ||     3
       Peck              ||     5
 Cast: Flame Tongue      ||    17
       Throw Flame       ||     2
  Use: Scroll            ||     3
       Potion            ||     1
 Stab: Sleeping          ||     1
  Eat: Chunk             ||     1
Armor: Robe              ||    11
Dodge: Dodged            ||    29
